 Dungeon Crawl Stone Soup version 0.17.1-1-g73c8601 (webtiles) character file.

1467 Implojin the Grappler (level 8, -1/74 HPs)
             Began as a Troll Fighter on Apr 9, 2016.
             Was a Believer of Okawaru.
             Slain by a gnoll
             ... wielding a +0 spear
              (11 damage)
             ... on level 10 of the Dungeon.
             The game lasted 00:08:01 (1293 turns).

Implojin the Grappler (Troll Fighter)               Turns: 1293, Time: 00:08:01

Health: -1/74      AC:  5    Str: 25    XL:     8   Next: 48%
Magic:  7/7        EV: 12    Int:  4    God:    Okawaru [**....]
Gold:   25         SH: 11    Dex: 11    Spells: 0 memorised, 7 levels left

rFire  . . .     SeeInvis .       - Unarmed
rCold  . . .     Clarity  .     a - +0 robe
rNeg   . . .     SustAt   .     b - +0 shield
rPois  .         Gourm    +     (helmet restricted)
rElec  .         Spirit   .     (no cloak)
rCorr  .         Warding  .     (gloves unavailable)
rMut   .         Stasis   .     (boots unavailable)
MR     .....                    (no amulet)
Stlth  +.........               (no ring)
                                (no ring)

@: heroism, glowing, not resistant to hostile enchantments, very unstealthy
A: unfitting armour, claws 3, fast metabolism 3, gourmand, regeneration 2,
shaggy fur 1, tough skin 2
a: Heroism, Renounce Religion


You were on level 10 of the Dungeon.
You worshipped Okawaru.
Okawaru was pleased with you.
You were very full.

You visited 1 branch of the dungeon, and saw 10 of its levels.
You also visited: Ossuary.

You collected 25 gold pieces.

Inventory:

Hand Weapons
 h - a +0 morningstar
Armour
 a - a +0 robe (worn)
 b - a +0 shield (worn)
 e - a +0 scale mail
Scrolls
 c - a scroll of noise
 f - a scroll of blinking {unknown}
 g - a scroll of identify
 j - 3 scrolls of vulnerability {unknown}
 m - 2 scrolls of remove curse {unknown}
 o - a scroll of recharging {unknown}
Potions
 l - a potion of flight
 n - a potion of curing
Comestibles
 d - 3 bread rations
 i - a beef jerky
 k - a chunk of flesh
 p - a slice of pizza
 q - a royal jelly


   Skills:
 - Level 2.4(7.4) Fighting
 - Level 2.4(7.4) Dodging
 - Level 2.4(7.4) Shields
 * Level 10.7(15.7) Unarmed Combat


You had 7 spell levels left.
You didn't know any spells.

Dungeon Overview and Level Annotations

Branches:
Dungeon (10/15)
 Temple: D:4-7         Lair: D:8-11         Orc: D:9-12

Altars:
Makhleb
Okawaru
Xom

Shops:
D:8 ?


Innate Abilities, Weirdness & Mutations

You are too large for most types of armour.
You have claws for hands.
Your metabolism is lightning-fast.
You like to eat raw meat.
You heal very quickly.
You are covered in fur (AC +1).
You have very tough skin (AC +2).


Message History

You barely miss the gnoll.
The gnoll is almost dead.
The gnoll hits you with a flail!
* * * LOW HITPOINT WARNING * * *
You mangle the gnoll!!
You kill the gnoll!
Okawaru accepts your kill.
The gnoll hits you from afar with a spear.
* * * LOW HITPOINT WARNING * * *
The gnoll closely misses you.
Unknown command.
You block the gnoll's attack.
An orc priest comes into view. It is wielding a flail.
The orc priest shouts!
An orc comes into view.
An orc comes into view. It is wielding a hand axe.
Read which item? (? for menu, Esc to quit)
Okay, then.
Drink which item? (? for menu, Esc to quit)
Okay, then.
An orc warrior comes into view. It is wielding a scimitar.
You block the gnoll's attack.
A wyvern comes into view.
The orc priest miscasts a cantrip.
The orc priest calls down the wrath of Beogh upon you.
You struggle to resist.
You claw the gnoll!
You kill the gnoll!
Okawaru accepts your kill.
Unknown command.
You mangle the gnoll!!
You kill the gnoll!
Okawaru accepts your kill.
The orc priest calls down the wrath of Beogh upon you.
Something smites you!
* * * LOW HITPOINT WARNING * * *
You hear a shout!
The orc warrior shouts!
The orc shouts!
The gnoll hits you with a spear!
You die...

.o.. .... .o...
...... .l....
..#########o.....
..........o......
.........@.......
##..####g.#####..
# #..# #..# #..#
#..# #..# #..#
#..# #..# #..#
#..# #..# #..#
#..#


You could see an orc warrior, a wyvern, an orc priest, a gnoll and 2 orcs.

Vanquished Creatures
  Grinder (D:5)
  An orc warrior (D:7)
  A sky beast (D:5)
  An ogre (D:5)
  A necrophage (D:8)
  A centaur (D:8)
  A big kobold (D:8)
  A giant frog (D:5)
  4 crimson imps
  A hound (D:5)
  A gnoll shaman (D:10)
  2 orc priests
  A centaur skeleton (D:5)
  A giant frog skeleton (D:5)
  An iguana (D:5)
  2 orc wizards (D:5)
  4 worker ants
  3 big kobold zombies (Ossuary)
  A mummy (Ossuary)
  An adder (D:2)
  4 gnolls (D:10)
  A shadow imp (D:8)
  2 giant geckos
  15 orcs
  2 spectral bats (Ossuary)
  2 giant cockroaches
  3 hobgoblins
  A giant gecko skeleton (D:7)
  9 gnoll zombies (Ossuary)
  2 goblins
  2 goblin simulacra (Ossuary)
  4 goblin zombies (Ossuary)
  5 hobgoblin zombies (Ossuary)
  4 kobolds
  A kobold simulacrum (Ossuary)
  5 kobold zombies (Ossuary)
  4 orc zombies (Ossuary)
  2 rats
  6 rat simulacra (Ossuary)
  2 spectral goblins (Ossuary)
  A spectral kobold (Ossuary)
  4 spectral rats (Ossuary)
111 creatures vanquished.

Notes
Turn   | Place    | Note
--------------------------------------------------------------
     0 | D:1      | Implojin the Troll Fighter began the quest for the Orb.
     0 | D:1      | Reached XP level 1. HP: 22/22 MP: 0/0
    86 | D:2      | Reached skill level 3 in Unarmed Combat
    86 | D:2      | Reached XP level 2. HP: 19/29 MP: 1/1
   224 | D:4      | Reached skill level 4 in Unarmed Combat
   224 | D:4      | Reached XP level 3. HP: 16/36 MP: 2/2
   281 | D:5      | Entered Level 5 of the Dungeon
   292 | D:4      | Found a sand-covered staircase.
   302 | D:4      | Reached XP level 4. HP: 33/44 MP: 3/3
   308 | Ossuary  | Entered an ossuary
   398 | Ossuary  | Reached skill level 5 in Unarmed Combat
   415 | Ossuary  | Reached XP level 5. HP: 46/50 MP: 4/4
   629 | D:5      | Found a burning altar of Makhleb.
   629 | D:5      | Noticed a cacodemon
   633 | D:5      | Reached skill level 6 in Unarmed Combat
   664 | D:5      | Noticed a sky beast
   672 | D:5      | Reached XP level 6. HP: 59/59 MP: 5/5
   680 | D:5      | Killed a sky beast
   698 | D:5      | Reached skill level 7 in Unarmed Combat
   732 | D:5      | Found a shimmering altar of Xom.
   835 | D:5      | Found an iron altar of Okawaru.
   842 | D:5      | Became a worshipper of Warmaster Okawaru
   854 | D:5      | Reached XP level 7. HP: 43/66 MP: 6/6
   872 | D:5      | HP: 3/66 [poisoned by an orc wizard]
   892 | D:5      | Reached skill level 8 in Unarmed Combat
   989 | D:5      | Noticed an ogre
  1001 | D:5      | Noticed a giant frog
  1003 | D:5      | Killed an ogre
  1008 | D:5      | Killed a giant frog
  1051 | D:5      | Noticed Grinder
  1069 | D:5      | Paralysed by Grinder for 5 turns
  1089 | D:5      | Killed Grinder
  1089 | D:5      | Reached * piety under Okawaru
  1089 | D:5      | Reached skill level 9 in Unarmed Combat
  1097 | D:5      | You fall through a shaft for 2 floors!
  1152 | D:7      | Reached XP level 8. HP: 37/74 MP: 4/7
  1190 | D:8      | Found Bimamug's Magic Scroll Boutique.
  1203 | D:8      | Reached skill level 10 in Unarmed Combat
  1234 | D:8      | Reached ** piety under Okawaru
  1254 | D:10     | Entered Level 10 of the Dungeon
  1293 | D:10     | Slain by a gnoll

Action                   |  1- 3 |  4- 6 |  7- 9 || total
-------------------------+-------+-------+-------++-------
Melee: Unarmed           |    55 |   173 |   102 ||   330
Invok: Heroism           |       |       |     3 ||     3
  Use: Potion            |       |       |     6 ||     6
       Scroll            |       |       |     4 ||     4
 Stab: Sleeping          |       |     2 |       ||     2
       Distracted        |       |       |     1 ||     1
  Eat: Chunk             |     6 |       |    11 ||    17

Table legend:
 A = Turns spent in this place as a percentage of turns spent in the entire game.
 B = Non-inter-level travel turns spent in this place as a percentage of non-inter-level travel turns spent in the entire game.
 C = Inter-level travel turns spent in this place as a percentage of turns spent in this place.
 D = Turns resting spent in this place as a percentage of non-inter-level travel turns spent in this place.
 E = Turns spent auto-exploring this place as a percentage of non-inter-level travel turns spent in this place.
 F = Non-inter-level travel turns spent in this place divided by the number of levels of this place that you've seen.
                   A       B       C       D       E      F
               +-------+-------+-------+-------+-------+----------------------
         Total | 100.0 | 100.0 |   0.0 |   0.0 |   0.0 | 116.5
       Dungeon |  76.5 |  76.5 |   0.0 |   0.0 |   0.0 |  98.1
       Ossuary |  23.5 |  23.5 |   0.0 |   0.0 |   0.0 | 301.0
               +-------+-------+-------+-------+-------+----------------------

Table legend:
 A = Kills in this place as a percentage of kills in entire the game.
 B = Kills by you in this place as a percentage of kills by you in the entire game.
 C = Kills by friends in this place as a percentage of kills by friends in the entire game.
 D = Other kills in this place as a percentage of other kills in the entire game.
 E = Experience gained in this place as a percentage of experience gained in the entire game.
 F = Experience gained in this place divided by the number of levels of this place that you have seen.
                   A       B       C       D       E      F
               +-------+-------+-------+-------+-------+----------------------
         Total | 100.0 | 100.0 |  -nan |  -nan | 100.0 | 190.6
       Dungeon |  55.9 |  55.9 |  -nan |  -nan |  92.8 | 194.7
       Ossuary |  44.1 |  44.1 |  -nan |  -nan |   7.2 | 150.0
               +-------+-------+-------+-------+-------+----------------------
